 Dungeon Sprint DCSS version 0.19.1 (webtiles) character file.

2214 equalderp2856 the Unseen (level 9, 0/45 HPs)
             Began as a Felid Fighter on Dec 5, 2016.
             Was an Initiate of Gozag.
             Slain by a demonic crawler (6 damage)
             ... in the Dungeon (Sprint I: "Red Sonja").
             The game lasted 00:07:48 (4053 turns).

equalderp2856 the Unseen (Felid Fighter)            Turns: 4053, Time: 00:07:49

Health: 0/45       AC:  2    Str: 13    XL:     9   Next: 13%
Magic:  13/13      EV: 28    Int: 10    God:    Gozag
Gold:   1072       SH:  0    Dex: 17    Spells: 4 memorised, 8 levels left
                                        Lives:  0   Deaths: 2

rFire  . . .     SeeInvis +       - Unarmed
rCold  . . .     Gourm    .     (armour unavailable)
rNeg   . . .     Faith    .     (shield unavailable)
rPois  .         Spirit   .     (helmet unavailable)
rElec  .         Reflect  .     (cloak unavailable)
rCorr  .         Harm     .     (gloves unavailable)
MR     ++...     NoTele   +     (boots unavailable)
Stlth  +++++++...               (no amulet)
                                (no ring)
                                (no ring)

@: gold aura, repel missiles, quick
A: no armour, no weapons or thrown items, stealth, claws 1, fangs 3, see
invisible, carnivore 3, speed 1, low mp 1, magic resistance 1, shaggy fur 2,
slow metabolism 1, sharp paws
a: Potion Petition, Call Merchant, Bribe Branch, Renounce Religion


You were in the Dungeon.
You worshipped Gozag.
Gozag was most pleased with you.
You were not hungry.

You visited 1 branch You collected 1632 gold pieces.
You spent 560 gold pieces at shops.

Inventory:

Jewellery
 l - an uncursed amulet of the gourmand {unknown}
Scrolls
 h - a scroll of blinking
 j - a scroll of recharging {unknown}
 k - a scroll of remove curse {unknown}
 m - a scroll of enchant weapon {unknown}
Potions
 a - a potion of might
 b - 2 potions of curing
 e - a potion of haste
 f - 2 potions of magic
 g - a potion of berserk rage
 i - a potion of cure mutation {unknown}
Books
 c - a book of Minor Magic

   Spells                             Type                      Level
   a - Magic Dart                     Conjuration                  1
   b - Blink                          Translocation                2
   c - Call Imp                       Summoning                    2
   d - Repel Missiles                 Charms/Air                   2
   e - Slow                           Hexes                        2
   f - Conjure Flame                  Conjuration/Fire             3
   g - Mephitic Cloud                 Conjuration/Poison/Air       3
 d - a book of Changes

   Spells                             Type                      Level
   a - Beastly Appendage              Transmutation                1
   b - Sticks to Snakes               Transmutation                2
   c - Spider Form                    Transmutation/Poison         3
   d - Ice Form                       Ice/Transmutation            4
   e - Blade Hands                    Transmutation                5
 n - a book of Cantrips

   Spells                             Type                      Level
   a - Confusing Touch                Hexes                        1
   b - Animate Skeleton               Necromancy                   1
   c - Summon Small Mammal            Summoning                    1
   d - Apportation                    Translocation                1


   Skills:
 + Level 9.0 Fighting
 + Level 12.4 Dodging
 * Level 15.6 Stealth
 + Level 15.2 Unarmed Combat
 + Level 3.3 Spellcasting
 + Level 2.9 Charms
 + Level 3.0 Translocations
 + Level 1.9 Air Magic


You had 8 spell levels left.
You knew the following spells:

 Your Spells              Type           Power        Failure   Level  Hunger
a - Animate Skeleton      Necr           N/A          30%         1    #......
b - Blink                 Tloc           N/A          14%         2    ###....
c - Confusing Touch       Hex            #.....       30%         1    #......
d - Repel Missiles        Chrm/Air       #.....       17%         2    ###....


Dungeon Overview and Level Annotations

Branches:
Dungeon (1/1)

Altars:
Cheibriados
Dithmenos
Elyvilon
Fedhas
Gozag
Hepliaklqana
Kikubaaqudgha
Makhleb
Nemelex Xobeh
Okawaru
Qazlal
Ru
Sif Muna
Trog
Uskayaw
Vehumet
Xom
Yredelemnul
Zin
The Shining One
Jiyva
Lugonu

Shops:
D :=


Innate Abilities, Weirdness & Mutations

You cannot wear armour.
You are incapable of wielding weapons or throwing items.
Your paws allow you to move quietly. (Stealth)
You have sharp claws.
You have razor-sharp teeth.
You have supernaturally acute eyesight. (SInv)
You are carnivorous and can eat meat at any time.
You cover ground quickly.
You are covered in thick fur. (AC +2)
You have a slow metabolism.
Your sharp claws are effective at attacking unaware monsters.
Your magical capacity is low. (-10% MP)
You are resistant to hostile enchantments. (MR+)


Message History

You bite the demonic crawler.
The demonic crawler is almost dead.
The demonic crawler hits you! The demonic crawler hits you.
The demonic crawler completely misses you.
The kobold demonologist mumbles some strange words.
The kobold demonologist casts a spell.
You claw the demonic crawler!
You kill the demonic crawler!
Your Fighting skill increases to level 9!
Your Translocations skill increases to level 3!
The kobold demonologist is distracted by the nearby gold.
The kobold demonologist shouts!
You scratch the demonic crawler but do no damage.
The sun demon completely misses you. The demonic crawler hits you!
* * * LOW HITPOINT WARNING * * *
The demonic crawler hits you.
* * * LOW HITPOINT WARNING * * *
The demonic crawler hits you.
You die...
Your body crumbles into a pile of gold.

#####################
.'..#.)'..#__#$3@sK4# $
$$ .#.)'..#..'..'$$#Ks.#
$
###'#####'#__####s..'..#$
##..#...#.####§§#####..+$
$ _####G.##(#§§≈§§#$$ ##
$ ____##+#..'§§≈.§' $
.∩...'..(_#§§§§§#$$ $$$
..__##_.#'##§####
____###+#.#[§§.# $


You could see 3 demonic crawlers, a sun demon, 2 kobold demonologists and a
chaos spawn.

Vanquished Creatures
  A centaur warrior (D)
  Sonja (D)
  A deep troll (D)
  2 shining eyes (D)
  A demonic crawler (D)
  A slime creature (D)
  Sigmund (D)
  A yak (D)
  4 floating eyes (D)
  An ogre (D)
  A jelly (D)
  Ijyb (D)
  7 ballistomycetes (D)
23 creatures vanquished.

Vanquished Creatures (others)
  A centaur warrior (D)
  A gargoyle (D)
  A floating eye (D)
  12 ballistomycete spores (D)
15 creatures vanquished.

Grand Total: 38 creatures vanquished

Notes
Turn   | Place    | Note
-------+----------+-------------------------------------------
     0 | D        | equalderp2856 the Felid Fighter began the quest for the Orb.
     0 | D        | Reached XP level 1. HP: 10/10 MP: 2/2
     2 | D        | Noticed Ijyb
    22 | D        | Killed Ijyb
    22 | D        | Reached skill level 5 in Dodging
    22 | D        | Reached skill level 5 in Unarmed Combat
    22 | D        | Reached XP level 2. HP: 5/14 MP: 3/3
   247 | D        | Noticed an ogre
   254 | D        | Killed an ogre
   254 | D        | Reached skill level 5 in Stealth
   254 | D        | Reached XP level 3. HP: 4/18 MP: 4/4
   254 | D        | Reached XP level 4. HP: 5/22 MP: 5/5
   501 | D        | Noticed Sigmund
   504 | D        | Killed Sigmund
   504 | D        | Reached skill level 5 in Fighting
   504 | D        | Reached XP level 5. HP: 27/27 MP: 6/6
   518 | D        | Found a burning altar of Makhleb.
   518 | D        | Found a viscous altar of Jiyva.
   518 | D        | Found a shimmering altar of Xom.
   518 | D        | Found a corrupted altar of Lugonu.
   518 | D        | Noticed a slime creature
   521 | D        | Killed a slime creature
   521 | D        | Reached skill level 10 in Unarmed Combat
   521 | D        | Gained mutation: You are covered in thick fur. (AC +2) [Felid growth]
   521 | D        | Reached XP level 6. HP: 31/31 MP: 7/7
   524 | D        | Found a deep blue altar of Sif Muna.
   526 | D        | Found a radiant altar of Vehumet.
   532 | D        | Found Zeib's Jewellery Emporium.
   532 | D        | Found an ancient bone altar of Kikubaaqudgha.
   532 | D        | Found a hazy altar of Hepliaklqana.
   532 | D        | Found a stormy altar of Qazlal.
   532 | D        | Found a hide-covered altar of Uskayaw.
   532 | D        | Found a blossoming altar of Fedhas.
   532 | D        | Found a bloodstained altar of Trog.
   532 | D        | Found an iron altar of Okawaru.
   532 | D        | Found a basalt altar of Yredelemnul.
   532 | D        | Found a glowing golden altar of the Shining One.
   532 | D        | Found a snail-covered altar of Cheibriados.
   532 | D        | Found a sacrificial altar of Ru.
   532 | D        | Found a glowing silver altar of Zin.
   532 | D        | Found a shadowy altar of Dithmenos.
   532 | D        | Found a white marble altar of Elyvilon.
   532 | D        | Noticed a yak
   533 | D        | Found an opulent altar of Gozag.
   534 | D        | Killed a yak
   534 | D        | Reached XP level 7. HP: 35/35 MP: 8/8
   557 | D        | Found a sparkling altar of Nemelex Xobeh.
   572 | D        | Became a worshipper of Gozag Ym Sagoz the Greedy
   600 | D        | Noticed a centaur warrior
   601 | D        | Noticed a centaur warrior
   608 | D        | Noticed a deep troll
   610 | D        | Killed a deep troll
   610 | D        | Reached skill level 10 in Dodging
   610 | D        | Reached XP level 8. HP: 40/40 MP: 9/9
   636 | D        | Noticed Sonja
   647 | D        | Killed Sonja
   794 | D        | Found Loffaewi's Book Boutique.
   802 | D        | Bought a book of Minor Magic for 280 gold pieces
   802 | D        | Bought a book of Cantrips for 280 gold pieces
   804 | D        | Learned a level 1 spell: Animate Skeleton
   807 | D        | Learned a level 2 spell: Blink
   809 | D        | Learned a level 1 spell: Confusing Touch
   812 | D        | Learned a level 2 spell: Repel Missiles
   914 | D        | Killed a centaur warrior
   914 | D        | Reached skill level 1 in Spellcasting
   914 | D        | Reached skill level 1 in Charms
   914 | D        | Reached XP level 9. HP: 14/45 MP: 9/11
   922 | D        | Killed a gargoyle
  1042 | D        | Noticed a shining eye
  1042 | D        | Noticed a shining eye
  1042 | D        | Noticed a shining eye
  1051 | D        | Mangled by a centaur warrior
  1052 | D        | Reached XP level 8. HP: -6/41 MP: 10/10
  1074 | D        | Killed a centaur warrior
  1074 | D        | Reached skill level 1 in Air Magic
  3760 | D        | Paralysed by fainting for 10 turns
  3814 | D        | Paralysed by fainting for 9 turns
  3849 | D        | Paralysed by fainting for 10 turns
  3861 | D        | Paralysed by fainting for 10 turns
  3886 | D        | Starved to death
  3887 | D        | Reached XP level 7. HP: 37/37 MP: 10/10
  3900 | D        | Noticed a shining eye
  3910 | D        | Gained mutation: You are resistant to hostile enchantments. (MR+) [a shining eye]
  3911 | D        | Paralysed by a floating eye for 3 turns
  3915 | D        | Killed a shining eye
  3915 | D        | Reached skill level 1 in Translocations
  3915 | D        | Reached XP level 8. HP: 42/42 MP: 10/12
  3921 | D        | Noticed a shining eye
  3970 | D        | Reached skill level 15 in Stealth
  4013 | D        | Noticed a shining eye
  4018 | D        | Gained mutation: Your magical capacity is low. (-10% MP) [a shining eye]
  4021 | D        | Killed a shining eye
  4021 | D        | Reached skill level 15 in Unarmed Combat
  4031 | D        | Noticed a kobold demonologist
  4035 | D        | Noticed a demonic crawler
  4035 | D        | Noticed a demonic crawler
  4035 | D        | Noticed a demonic crawler
  4035 | D        | Noticed a demonic crawler
  4036 | D        | Noticed a kobold demonologist
  4040 | D        | Paralysed by a floating eye for 4 turns
  4045 | D        | Reached XP level 9. HP: 45/45 MP: 13/13
  4052 | D        | Noticed a sun demon
  4052 | D        | Killed a demonic crawler
  4053 | D        | Slain by a demonic crawler

Skill      XL: |  1  2  3  4  5  6  7  8  9 |
---------------+----------------------------+-----
Dodging        | 5 6 7 8 9 12 11 | 12.4
Stealth        | 3 5 7 9 11 15 | 15.6
Unarmed Combat | 5 7 9 10 11 12 15 | 15.2
Fighting       | 4 5 6 7 8 9 |  9.0
Spellcasting   | 2 3 |  3.3
Charms         | 2 1 |  2.9
Air Magic      | 1 |  1.9
Translocations | 1 2 3 |  3.0

Action                   |  1- 3 |  4- 6 |  7- 9 || total
-------------------------+-------+-------+-------++-------
Melee: Unarmed           |    24 |     4 |    69 ||    97
       Bite              |     4 |       |    13 ||    17
       Punch             |       |       |    11 ||    11
 Cast: Blink             |       |       |     3 ||     3
       Repel Missiles    |       |       |     1 ||     1
  Use: Potion            |       |       |     2 ||     2
 Stab: Sleeping          |       |     4 |     1 ||     5
  Eat: Chunk             |       |       |     4 ||     4
Armor: Skin              |       |       |     6 ||     6
Dodge: Dodged            |    16 |       |    43 ||    59
       Deflected         |       |       |     2 ||     2
